cohdb
Replays
Latest Replays
All Replays
Popular Replays
Top Player Replays
Match Explorer
How It Works
Community
CoH3 Stats
Reddit
Sign in to upload your games and track your stats! →
Sign in with Steam
Match 32434526
Unlisted
Match 32434526
Overview
Messages
Build Orders
End
Construct Weapon Support Center
Engineer Squad
Selects Armored Battlegroup
Selects Assault Engineers
M1919 Machine Gun Team
Bazooka Squad
Scout Squad
Assault Engineer Squad
Air Support Center
Mortar Pit
Grasshopper Recon Run
P-47 Strafing Run
Construct Motor Pool
P-47 Dive Bomb
Selects Strength in Steel
Grasshopper Recon Run
P-47 Strafing Run
Air Supply
P-47 Dive Bomb
P-47 Strafing Run
Selects M8 Scott SPG
M8 Scott SPG
Assault Engineer Squad
Scout Squad
M3 Armored Personnel Carrier
P-47 Strafing Run
Grasshopper Recon Run
Selects UNKNOWN (2160077)
Selects M31 Recovery Vehicle
Scout Squad
Bazooka Squad
P-47 Strafing Run
P-47 Dive Bomb
Construct Tank Depot
M1 Anti-tank Gun Team
Selects War Machine
Grasshopper Recon Run
P-47 Strafing Run
P-47 Dive Bomb
P-47 Strafing Run
P-47 Dive Bomb
M4A3E8 Sherman Easy Eight
Assault Engineer Squad
P-47 Dive Bomb
Double Sortie
Grasshopper Recon Run
P-47 Strafing Run
P-47 Dive Bomb
[Strike]LaserClaw
Pinky
ASPEKTAKLE
el campo
Доктор Гувер[POINTRUNNER]
MaXiS
0
0
Comments
sign in to comment!
No comments posted yet!